 Dungeon Crawl Stone Soup version 0.31-a0-1522-g43313d8a59 (webtiles) character file.

Game seed: 6472113287784536584

47 AstroCodex24 the Covered (level 3, -5/30 HPs)
             Began as a Barachi Fighter on Dec 31, 2023.
             Killed from afar by Sigmund (6 damage)
             ... with a magic dart
             ... on level 2 of the Dungeon.
             The game lasted 00:01:45 (358 turns).

AstroCodex24 the Covered (Barachi Fighter)           Turns: 358, Time: 00:01:46

Health: -5/30      AC:  7    Str: 19    XL:     3   Next: 70%
Magic:  3/3        EV:  9    Int:  8    God:
Gold:   131        SH:  4    Dex: 11    Spells: 2/2 levels left

rFire   . . .        a - +0 war axe
rCold   . . .        c - +0 buckler
rNeg    . . .        b - +0 scale mail
rPois   .            (no helmet)
rElec   .            (no cloak)
rCorr   +            (no gloves)
SInv    .            (no boots)
Will    .....        (no amulet) Stlth
                     e - ring of resist corrosion
HPRegen 0.25/turn    (no ring)
MPRegen 0.08/turn

%: no passive effects
@: slow
A: amphibious, slowness 1, strong legs 1, +LOS
a: Hop


You were on level 2 of the Dungeon.
You visited 1 branch of the dungeon, and saw 2 of its levels.

You collected 131 gold pieces.

Inventory:

Hand Weapons
 a - a +0 war axe (weapon)
Armour
 b - a +0 scale mail (worn)
 c - a +0 buckler (worn)
Jewellery
 e - a ring of resist corrosion (left hand)
Potions
 d - a potion of might
 f - a potion of invisibility {unknown}
 g - a potion of berserk rage {unknown}


   Skills:
 + Level 4.1 Fighting
 + Level 2.8 Axes
 + Level 4.2 Armour
 + Level 0.6 Dodging
 + Level 3.6 Shields


You had 2 spell levels left.
You didn't know any spells.
Your spell library was empty.

Dungeon Overview and Level Annotations

Branches:
Dungeon (2/15)

Altars:

Annotations:
D:2 Sigmund


Innate Abilities, Weirdness & Mutations

You are amphibious.
You cover ground slowly.
You can hop short distances.
You have an extended range of vision and can be seen from far away.


Message History

There is a stone staircase leading up here.
Found 7 gold pieces.
Sigmund the Dreaded comes into view.
He is wielding a +0 scythe.
Sigmund shouts!
Sigmund points at you and mumbles some strange words.
You are confused.
Sigmund screams, "I am the angel of ZOT!!!"
Sigmund casts a spell at you. The magic dart hits you!
Sigmund hits you from afar with a +0 scythe.
You bump into the rock wall.
You feel less confused. Sigmund gestures at you while chanting.
The puff of flame hits you!
* * * LOW HITPOINT WARNING * * *
Sigmund hits you but does no damage.
You hit Sigmund.
Sigmund is lightly wounded.
Sigmund closely misses you.
You closely miss Sigmund.
Sigmund is lightly wounded.
You block Sigmund's attack.
You closely miss Sigmund.
Sigmund is lightly wounded.
Sigmund barely misses you.
You hit Sigmund.
Sigmund is moderately wounded.
Sigmund hits you with a +0 scythe.
* * * LOW HITPOINT WARNING * * *
You completely miss Sigmund.
Sigmund is moderately wounded.
Sigmund gestures at you while chanting. The puff of flame hits you.
* * * LOW HITPOINT WARNING * * *
You hit Sigmund.
Sigmund is heavily wounded.
Sigmund casts a spell at you. The magic dart hits you.
You die...
Sigmund begins carving another notch in his scythe.

### ###### ## #.. ......
$ #.# #.##.# .# #.#
#.##.# .#
#######.####.##.#
..###.#
#......<.....##.##>#...#
#.#####...†..##..?..#
#.# #...†.....@@..# #.#
##.....######.# #.#
##............# #)#
##.#.#####.. .. ..#
#.#.# ## ### #....
###.## #.# ..#


You could see Sigmund.

Vanquished Creatures
  Jessica (D:2)
  An adder (D:2)
  2 endoplasms (D:1)
  3 giant cockroaches
  A hobgoblin (D:1)
  2 bats (D:1)
  A frilled lizard (D:1)
  A kobold (D:1)
  A rat (D:1)
13 creatures vanquished.

Notes
Turn   | Place    | Note
-------+----------+-------------------------------------------
     0 | D:1      | AstroCodex24 the Barachi Fighter began the quest for the
                  | Orb.
     0 | D:1      | Reached XP level 1. HP: 18/18 MP: 1/1
   180 | D:1      | Reached XP level 2. HP: 23/25 MP: 2/2
   310 | D:2      | Noticed Jessica
   320 | D:2      | Killed Jessica
   321 | D:2      | Reached XP level 3. HP: 30/30 MP: 3/3
   345 | D:2      | Noticed Sigmund
   357 | D:2      | HP: 1/30 [Sigmund/puff of flame (6)]
   358 | D:2      | Killed from afar by Sigmund

Illustrated notes

Levels and vault maps discovered:
D:1:      kilobyte_arrival_exit_the_forest, layout_rooms, dreamdust_wishing_well
D:2:      layout_loops_ring, uniq_robin, uniq_sigmund, uniq_crazy_yiuf_cottage,
          uniq_jessica

Skill      XL: |  1  2 |
---------------+-------+-----
Armour         | 4 |  4.2
Fighting       | 4 |  4.1
Axes           | |  2.8
Dodging        | |  0.6
Shields        | |  3.6

Action                     || total
---------------------------++-------
  Melee: War axe           ||    45
 Armour: Scale mail        ||    55
  Dodge: Dodged            ||    35
  Block: Buckler           ||    20

Table legend: (Time is in decaauts)
 A = Elapsed time spent in this place.
 B = Non-inter-level travel time spent in this place.
 C = Inter-level travel time spent in this place.
 D = Time resting spent in this place.
 E = Time spent auto-exploring this place.
 F = Levels seen in this place.
 G = Mean time per level.
                   A        B        C        D        E       F      G
               +--------+--------+--------+--------+--------+-----+--------+
         Total |    434 |    331 |    103 |      0 |      0 |   2 |  217.0 |
       Dungeon |    434 |    331 |    103 |      0 |      0 |   2 |  217.0 |
               +--------+--------+--------+--------+--------+-----+--------+

Top non-repeatable levels by time:
     D:1: 340 daAuts
     D:2: 94 daAuts
